 Dungeon Crawl Stone Soup version 0.18.1-2-ga659475 (webtiles) character file.

18515 Chiseanne the Fighter (level 12, -2/113 HPs)
             Began as a Ghoul Earth Elementalist on May 8, 2016.
             Was an Elder of Okawaru.
             Slain by Agnes
             ... wielding a +0 lajatang of electrocution
              (41 damage)
             ... on level 14 of the Dungeon.
             The game lasted 00:58:25 (14501 turns).

Chiseanne the Fighter (Ghoul Earth Elementalist)   Turns: 14501, Time: 00:58:26

Health: -2/113     AC: 18    Str: 13    XL:     12   Next: 59%
Magic:  0/27       EV: 30    Int: 10    God:    Okawaru [****..]
Gold:   455        SH:  8    Dex: 16    Spells: 2 memorised, 18 levels left

rFire  . . .     SeeInvis .     o - +1 trident (distort)
rCold  + . .     Gourm    .     M - +2 troll leather armour
rNeg   + + +     Faith    .     u - +1 buckler {AC+3} {god gift}
rPois  ∞         Spirit   +     n - +0 helmet
rElec  .         Dismiss  .     L - +0 cloak
rCorr  .         Reflect  .     q - +2 pair of gloves {Dex+3}
SustAt .         Harm     .     (no boots)
MR     .....                    x - amulet of guardian spirit
Stlth  +++.......               i - ring of Shaolin {EV+8}
                                T - ring of magical power

@: heroism, rotting, not resistant to hostile enchantments, fairly stealthy
A: rotting body, claws 1, carnivore 3, cold resistance 1, negative energy
resistance 3, slow regeneration 1, torment resistance, unbreathing
a: Heroism, Renounce Religion


You were on level 14 of the Dungeon.
You worshipped Okawaru.
Okawaru was greatly pleased with you.
You were not hungry.

You visited 2 branches of the dungeon, and saw 15 of its levels.
You also visited: Labyrinth.

You collected 875 gold pieces.
You spent 420 gold pieces at shops.

Inventory:

Hand Weapons
 a - a +5 dagger of venom
 d - a +1 long sword of electrocution
 o - a +1 trident of distortion (weapon)
 s - a +3 dagger of chaos
 w - a +0 hunting sling
 N - a +1 war axe of venom
 X - a +1 falchion of pain
Missiles
 e - 19 bolts
 r - 9 tomahawks (quivered)
 C - 13 sling bullets
 F - 7 javelins
 I - 127 stones
 S - a throwing net {!*}
Armour
 n - a +0 helmet (worn)
 q - a +2 pair of gloves of dexterity (worn)
 u - a +1 buckler of protection (worn) {god gift}
 L - a +0 cloak (worn)
 M - a +2 troll leather armour (worn)
Rods
 j - a +7 lightning rod (13/13)
   (You found it in a labyrinth)
Jewellery
 b - the ring "Gubuciph" {*Contam rC++ Int+6 Dex-2 Stlth-}
   (You found it in a labyrinth)

   [ring of loudness]

   It affects your intelligence (+6).
   It affects your dexterity (-2).
   It greatly protects you from cold.
   It causes magical contamination when unequipped.
   It makes you less stealthy.
 i - the ring of Shaolin (right hand) {EV+8}
   (You found it on level 9 of the Dungeon)

   [ring of evasion]

   It affects your evasion (+8).
 x - an amulet of guardian spirit (around neck)
 P - an uncursed ring of see invisible
 T - a ring of magical power (left hand)
Wands
 y - a wand of digging (4/24)
 E - a wand of disintegration (7/24)
 G - a wand of paralysis (15/24)
 Y - a wand of heal wounds (5/9)
Scrolls
 f - a scroll of fog
 g - 14 scrolls of teleportation
 h - a scroll of magic mapping
 l - 3 scrolls of remove curse
 m - 13 scrolls of identify
 A - 2 scrolls of recharging
 O - a scroll of immolation
 Z - a scroll of amnesia
Potions
 k - 5 potions of curing
 v - 2 potions of resistance
 B - 3 potions of flight
 D - 4 potions of heal wounds
 K - 3 potions of ambrosia
 R - a potion of magic
Books
 c - a book of Geomancy

   Spells                             Type                      Level
   a - Sandblast                      Earth                        1
   b - Passwall                       Transmutation/Earth          2
   c - Stone Arrow                    Conjuration/Earth            3
   d - Petrify                        Transmutation/Earth          4
   e - Lee's Rapid Deconstruction     Earth                        5
 z - a book of Debilitation

   Spells                             Type                      Level
   a - Corona                         Hexes                        1
   b - Slow                           Hexes                        2
   c - Gell's Gravitas                Hexes/Translocation          3
   d - Inner Flame                    Hexes/Fire                   3
   e - Cause Fear                     Hexes                        4
   f - Leda's Liquefaction            Hexes/Earth                  4
 J - a book of Summonings

   Spells                             Type                      Level
   a - Recall                         Summoning/Translocation      3
   b - Aura of Abjuration             Summoning                    5
   c - Summon Demon                   Summoning                    5
   d - Summon Forest                  Summoning/Translocation      5
   e - Summon Mana Viper              Hexes/Summoning              5
   f - Shadow Creatures               Summoning                    6
 V - Sif Muna's Tome of Enchantment
   (You found it on level 11 of the Dungeon)

   Spells                             Type                      Level
   a - Metabolic Englaciation         Hexes/Ice                    5
   b - Silence                        Hexes/Air                    5
   c - Summon Mana Viper              Hexes/Summoning              5
Miscellaneous
 U - a stone of tremors
Comestibles
 p - 5 beef jerkies
 t - 11 royal jellies
 Q - 6 meat rations


   Skills:
 * Level 12.8(17.8) Fighting
 - Level 7.8(12.8) Armour
 * Level 9.6(14.6) Dodging
 - Level 2.1(7.1) Stealth
 - Level 4.8(9.8) Shields
 * Level 5.0 Spellcasting
 - Level 0.8 Transmutations
 - Level 3.2 Earth Magic
 - Level 6.4 Invocations


You had 18 spell levels left.
You knew the following spells:

 Your Spells              Type           Power        Failure   Level  Hunger
b - Passwall              Trmt/Erth      #.........   21%         2    ##.....
c - Corona                Hex            #......      30%         1    None


Dungeon Overview and Level Annotations

Branches:
Dungeon (14/15)            Temple (1/1) D:7            Lair (0/8) D:11
    Orc (0/2) D:11         Vaults (0/5) D:13

Altars:
Cheibriados
Dithmenos
Elyvilon
Fedhas
Gozag
Kikubaaqudgha
Makhleb
Nemelex Xobeh
Okawaru
Pakellas
Qazlal
Ru
Sif Muna
Trog
Vehumet
Xom
Yredelemnul
Zin
The Shining One

Shops:
D:6 [   D:8 **:

Annotations:
D:3 dobroeutro's ghost, amateur DsFi
D:9 CcS's ghost, novice MiBe
D:14 Agnes


Innate Abilities, Weirdness & Mutations

Your body is rotting away.
You thrive on raw meat.
You are immune to poison.
You have sharp fingernails.
You are carnivorous and can eat meat at any time.
Your flesh is cold resistant.
You are immune to negative energy.
You regenerate slowly when monsters are visible.
You are immune to unholy pain and torment.
You can survive without breathing.


Message History

You are electrocuted!
* * * LOW HITPOINT WARNING * * *
The crimson imp misses you. You block Agnes's attack.
The cyclops throws a large rock.
You block the large rock.
You see here a large rock.
Read which item? (? for menu, Esc to quit)
Okay, then.
Drink which item? (? for menu, Esc to quit)
You feel much better.
The red ugly thing seems to regain its courage.
Agnes completely misses you.
Agnes hits you with a lajatang of electrocution!
You are electrocuted!
The cyclops throws a large rock.
The large rock hits you!
* * * LOW HITPOINT WARNING * * *
Drink which item? (? for menu, Esc to quit)
You feel much better. You block Agnes's attack.
Agnes hits you with a lajatang of electrocution.
You are electrocuted!
The crimson imp blinks!
Agnes misses you.
Agnes hits you with a lajatang of electrocution!!!
You die...

###.# ..#.###+
######.#..... . . #.
..#.#..... .. ..
#..#.#.#... ...
..#..#.#.#.###.#..
..'.>....u........
...##.#...(........
......C.Z5i@.......
......#.#.#........
############(#u########.
(..............#
#######....#####
#........ #.....#...
#.....# ## #....<#


You could see Agnes (berserk), a red ugly thing, a cyclops, a crimson imp and a
centaur zombie.

Vanquished Creatures
  A minotaur (Lab)
  A hydra (D:12)
  A wizard (D:13)
  Pikel (D:8)
  2 cyclopes
  A deep elf mage (D:12)
  Maurice (D:8)
  Psyche (D:9)
  A yaktaur (D:13)
  2 trolls
  Sigmund (D:4)
  A shadow (D:14)
  A vampire (D:12)
  14 yaks
  8 humans (D:13)
  2 hippogriffs
  4 wargs (D:11)
  A soldier ant (D:12)
  2 water moccasins
  5 orc warriors
  3 ice beasts
  3 phantoms
  2 sky beasts
  2 black bears (D:9)
  14 ogres
  An eye of draining (D:8)
  3 centaurs
  2 crocodiles
  A big kobold (D:12)
  6 giant frogs
  2 scorpions (D:6)
  9 killer bees (D:10)
  2 howler monkeys
  10 crimson imps
  A centaur zombie (D:8)
  4 jellies
  2 quasits
  4 giant frog skeletons
  3 hounds
  5 orc wizards
  3 giant frog zombies
  14 orc priests
  2 centaur skeletons
  Ijyb (D:2)
  An iguana (D:5)
  9 worker ants
  3 sheep (D:13)
  A hound skeleton (D:10)
  Robin (D:2)
  4 gnolls (D:8)
  8 adders
  3 river rats (D:11)
  4 shadow imps
  6 oozes
  2 adder skeletons
  3 worms
  A dart slug (D:1)
  3 giant geckos
  47 orcs
  16 goblins
  17 hobgoblins
  24 jackals
  3 quokkas
  A ball python (D:3)
  14 bats
  A giant cockroach zombie (D:5)
  3 giant newts
  16 kobolds
  4 quokka skeletons
  12 rats
  A fungus (D:11)
  3 plants (D:11)
361 creatures vanquished.

Vanquished Creatures (others)
  A slime creature (D:13)
  A deep elf mage (D:13)
  2 ugly things (D:14)
  A minotaur zombie (Lab)
  A wyvern (D:13)
  2 humans (D:13)
  4 yaks
  3 orc warriors (D:13)
  A wasp (D:14)
  An ogre (D:13)
  A crocodile (D:12)
  A giant frog (D:13)
  A wyvern zombie (D:13)
  A killer bee (D:10)
  A crimson imp (D:14)
  A worker ant (D:11)
  An ooze (D:11)
  2 orcs
  A hobgoblin (D:3)
  6 fungi (D:11)
  4 plants (D:11)
37 creatures vanquished.

Grand Total: 398 creatures vanquished

Notes
Turn   | Place    | Note
--------------------------------------------------------------
     0 | D:1      | Chiseanne the Ghoul Earth Elementalist began the quest for the Orb.
     0 | D:1      | Reached XP level 1. HP: 14/14 MP: 2/2
    56 | D:1      | Reached skill level 1 in Fighting
    79 | D:2      | Reached XP level 2. HP: 4/24 MP: 0/3
   345 | D:1      | Reached skill level 2 in Fighting
   929 | D:1      | Reached XP level 3. HP: 30/30 MP: 1/4
  1147 | D:2      | Reached skill level 3 in Fighting
  1382 | D:2      | Reached XP level 4. HP: 26/38 MP: 1/5
  1414 | D:2      | Noticed Ijyb
  1450 | D:2      | Killed Ijyb
  1450 | D:2      | Reached skill level 1 in Armour
  1492 | D:2      | Noticed Robin
  1510 | D:2      | Killed Robin
  1598 | D:2      | Reached XP level 5. HP: 33/45 MP: 6/6
  2235 | D:3      | Noticed dobroeutro's ghost (amateur DsFi)
  2938 | D:3      | Reached skill level 4 in Fighting
  3448 | D:3      | Reached XP level 6. HP: 39/52 MP: 7/7
  3750 | D:4      | Learned a level 2 spell: Passwall
  4214 | D:4      | Reached XP level 7. HP: 47/60 MP: 8/8
  4306 | D:4      | Reached skill level 5 in Fighting
  4348 | D:4      | Learned a level 1 spell: Corona
  4450 | D:4      | Noticed Sigmund
  4516 | D:4      | Killed Sigmund
  4708 | D:5      | Entered Level 5 of the Dungeon
  4817 | D:5      | Found a sparkling altar of Nemelex Xobeh.
  4817 | D:5      | Found an opulent altar of Gozag.
  4877 | D:5      | Reached skill level 6 in Fighting
  4877 | D:5      | Reached XP level 8. HP: 51/70 MP: 9/9
  5286 | D:5      | Reached skill level 5 in Dodging
  5672 | D:5      | Reached skill level 5 in Armour
  6062 | D:6      | Reached skill level 7 in Fighting
  6370 | D:6      | Reached XP level 9. HP: 73/79 MP: 10/10
  6577 | D:6      | Found Zuix's Armour Shop.
  7017 | D:7      | Reached skill level 1 in Shields
  7138 | D:7      | Found a staircase to the Ecumenical Temple.
  7144 | Temple   | Entered the Ecumenical Temple
  7230 | Temple   | Became a worshipper of Warmaster Okawaru
  7389 | D:7      | Got a thick robe
  7392 | D:7      | Identified the +1 robe of Bitterness {rPois} (You found it on level 7 of the Dungeon)
  7734 | D:8      | Found Kixelewk's Assorted Antiques.
  7752 | D:8      | Reached skill level 8 in Fighting
  7761 | D:8      | Bought a scroll of teleportation for 105 gold pieces
  7761 | D:8      | Bought a scroll labeled IFAPSY INUECA for 35 gold pieces
  7761 | D:8      | Bought a glowing falchion for 105 gold pieces
  7838 | D:8      | Found Tasuil's General Store.
  7845 | D:8      | Reached * piety under Okawaru
  8020 | D:8      | Noticed Maurice
  8037 | D:8      | Killed Maurice
  8069 | D:8      | Found Meriocoe's Book Shoppe.
  8153 | D:8      | Found a blossoming altar of Fedhas.
  8153 | D:8      | Found a snail-covered altar of Cheibriados.
  8153 | D:8      | Found a glowing golden altar of the Shining One.
  8246 | D:8      | Reached skill level 9 in Fighting
  8267 | D:8      | Noticed Pikel
  8286 | D:8      | Killed Pikel
  8286 | D:8      | Reached ** piety under Okawaru
  8286 | D:8      | Reached XP level 10. HP: 68/91 MP: 11/11
  8351 | D:8      | Found Jodoes's Magic Scroll Boutique.
  8354 | D:8      | Bought a scroll of identify for 20 gold pieces
  8354 | D:8      | Bought a scroll of fog for 20 gold pieces
  8354 | D:8      | Bought a scroll of teleportation for 30 gold pieces
  8354 | D:8      | Bought a scroll of remove curse for 30 gold pieces
  8354 | D:8      | Bought a scroll of identify for 20 gold pieces
  8354 | D:8      | Bought a scroll of identify for 20 gold pieces
  8354 | D:8      | Bought a scroll of immolation for 35 gold pieces
  8535 | D:9      | Found a bloodstained altar of Trog.
  8575 | D:9      | Found a glowing silver altar of Zin.
  8669 | D:9      | Noticed CcS's ghost (novice MiBe)
  8849 | D:9      | Noticed Psyche
  8867 | D:9      | Killed Psyche
  9258 | D:9      | Reached skill level 1 in Invocations
  9349 | D:9      | Reached *** piety under Okawaru
  9575 | D:10     | Entered Level 10 of the Dungeon
  9784 | D:10     | Reached skill level 10 in Fighting
 10178 | D:11     | Identified Sif Muna's Tome of Enchantment
 10188 | D:11     | Noticed a cyclops
 10208 | D:11     | Found a labyrinth entrance.
 10260 | Lab      | Entered a labyrinth
 10527 | Lab      | Noticed a minotaur
 10541 | Lab      | Killed a minotaur
 10541 | Lab      | Reached **** piety under Okawaru
 10541 | Lab      | Reached XP level 11. HP: 91/100 MP: 7/13
 10549 | Lab      | Got a pitted wooden ring
 10551 | Lab      | Got a slimy chain mail
 10552 | Lab      | Identified the ring "Gubuciph" {*Contam rC++ Int+6 Dex-2 Stlth-} (You found it in a labyrinth)
 10553 | Lab      | Identified the +1 chain mail of Huniniuw {Str+3 Int+4} (You found it in a labyrinth)
 10834 | D:11     | Killed a cyclops
 10834 | D:11     | Reached skill level 5 in Invocations
 10909 | D:11     | Received a gift from Okawaru
 10909 | D:11     | Reached skill level 11 in Fighting
 11163 | D:11     | Found a staircase to the Lair.
 11299 | D:11     | Found a staircase to the Orcish Mines.
 11550 | D:12     | Noticed a five-headed hydra
 11587 | D:12     | Killed a five-headed hydra
 11587 | D:12     | Reached ***** piety under Okawaru
 11587 | D:12     | Received a gift from Okawaru
 12066 | D:12     | Noticed a manticore
 12075 | D:12     | Noticed a white ugly thing
 12379 | D:12     | Noticed a deep elf mage
 12424 | D:12     | Killed a deep elf mage
 12683 | D:13     | Noticed a cyclops
 13016 | D:13     | Reached skill level 12 in Fighting
 13016 | D:13     | Reached XP level 12. HP: 61/112 MP: 15/15
 13339 | D:13     | Noticed a centaur warrior
 13940 | D:13     | Noticed a vault guard
 13963 | D:13     | Banished a vault guard
 14090 | D:13     | Found a gate to the Vaults.
 14387 | D:14     | Reached skill level 5 in Spellcasting
 14404 | D:14     | Noticed Agnes
 14501 | D:14     | Slain by Agnes

Skill      XL: |  1  2  3  4  5  6  7  8  9 10 11 12 |
---------------+-------------------------------------+-----
Fighting       | 1 2 3 4 6 7 9 10 12 | 12.8
Dodging        | 2 3 4 5 6 8 9 |  9.6
Armour         | 1 2 3 4 5 7 |  7.8
Shields        | 4 |  4.8
Invocations    | 4 6 |  6.4
Spellcasting   | 3 5 |  5.0
Stealth        | |  2.1
Transmutations | |  0.8
Earth Magic    | |  3.2

Action                   |  1- 3 |  4- 6 |  7- 9 | 10-12 || total
-------------------------+-------+-------+-------+-------++-------
Melee: Club              |    60 |       |       |       ||    60
       Dagger            |    60 |   182 |   489 |   202 ||   933
       War axe           |       |       |    21 |       ||    21
       Whip              |       |       |       |     3 ||     3
       Trident           |       |       |       |   831 ||   831
 Fire: Hunting sling     |       |       |    40 |       ||    40
Throw: Tomahawk          |       |       |     5 |     2 ||     7
       Stone             |       |       |     1 |       ||     1
 Cast: Sandblast         |    30 |       |       |       ||    30
Invok: Heroism           |       |       |       |    20 ||    20
Evoke: Wand              |       |       |       |     6 ||     6
  Use: Scroll            |     5 |    11 |     7 |    12 ||    35
       Potion            |       |     3 |     4 |     4 ||    11
 Stab: Sleeping          |       |     1 |     3 |     2 ||     6
       Invisible         |       |       |     2 |       ||     2
       Distracted        |       |       |       |     1 ||     1
  Eat: Chunk             |    19 |    39 |    59 |    61 ||   178
Armor: Robe              |    15 |       |       |       ||    15
       Leather armour    |     7 |    46 |    41 |       ||    94
       Ring mail         |       |     9 |       |       ||     9
       Scale mail        |       |       |   192 |    38 ||   230
       Troll leather arm |       |       |       |   148 ||   148
Dodge: Dodged            |    88 |    96 |   293 |   996 ||  1473
Block: Buckler           |       |       |    43 |   312 ||   355
